SAAA
SCRANTON SUPERNOVAS @ TORTOLITA DRUMMERS
09/04/2032
 
TOP OF THE 1ST
Scranton Supernovas batting - Pitching for Tortolita Drummers : RHP Daniel Martínez
Pitching: RHP Daniel Martínez
Batting: RHB Senior Pond 0-0: Bunted foul
0-1: Ball
1-1: Ball
2-1: Foul Ball, location: 2F
2-2: Foul Ball, location: 2F
2-2: Foul Ball, location: 2F
2-2: Ball
3-2: Foul Ball, location: 2F
3-2: Fly out, F4 (Flyball, 34D)
Batting: RHB Toyozo Yamasaki 0-0: Ball
1-0: Swinging Strike
1-1: Fly out, F4 (Line Drive, 4)
Batting: LHB Chase Popoff 0-0: Swinging Strike
0-1: Called Strike
0-2: Strikes out swinging
Top of the 1st over - 0 runs, 0 hits, 0 errors, 0 left on base; Scranton 0 - Tortolita 0
BOTTOM OF THE 1ST
Tortolita Drummers batting - Pitching for Scranton Supernovas : RHP Gilberto Pontojá
Pitching: RHP Gilberto Pontojá
Batting: RHB Lu-fang Koo 0-0: SINGLE (Flyball, 78S)
Batting: RHB Ricardo Pacheco 0-0: Ball
1-0: DOUBLE (Line Drive, 9LD)
Lu-fang Koo to third
Batting: SHB Robby Day 0-0: Foul Ball, location: 2F
0-1: Ball
1-1: Ball
2-1: Called Strike
2-2: Strikes out looking
Batting: SHB Roberto Mosca 0-0: Ground out U3 (Groundball, 34S)
Lu-fang Koo scores
Ricardo Pacheco to third
Batting: RHB Dave Sienna 0-0: Called Strike
0-1: Ball
1-1: Ball
2-1: Foul Ball, location: 2F
2-2: SINGLE (Groundball, 6D)
Ricardo Pacheco scores
Batting: RHB Vincent Klein 0-0: Ball
1-0: Ball
2-0: Foul Ball, location: 2F
2-1: Ball
3-1: Foul Ball, location: 2F
3-2: Base on Balls
Dave Sienna to second
Batting: SHB Marcos Roa 0-0: Called Strike
0-1: Ball
1-1: Swinging Strike
1-2: Fielders Choice at 2nd, U6 (Groundball, 6M)
Bottom of the 1st over - 2 runs, 3 hits, 0 errors, 2 left on base; Scranton 0 - Tortolita 2
TOP OF THE 2ND
Scranton Supernovas batting - Pitching for Tortolita Drummers : RHP Daniel Martínez
Batting: RHB Felipe Bruno 0-0: Called Strike
0-1: Called Strike
0-2: Strikes out looking
Batting: RHB José Rodríguez 0-0: Ball
1-0: Ground out 3-1 (Groundball, 34)
Batting: RHB José Bravo 0-0: Foul Ball, location: 2F
0-1: Ball
1-1: Foul Ball, location: 2F
1-2: Strikes out looking
Top of the 2nd over - 0 runs, 0 hits, 0 errors, 0 left on base; Scranton 0 - Tortolita 2
BOTTOM OF THE 2ND
Tortolita Drummers batting - Pitching for Scranton Supernovas : RHP Gilberto Pontojá
Batting: SHB Anthony Hopkins 0-0: Ball
1-0: Called Strike
1-1: Ball
2-1: SINGLE (Line Drive, 6D)
Batting: RHB Yifu Chen 0-0: DOUBLE (Line Drive, 7D)
Anthony Hopkins to third
Batting: RHB Lu-fang Koo 0-0: Called Strike
0-1: Swinging Strike
0-2: Ball
1-2: Ball
2-2: Ball
3-2: Base on Balls
Batting: RHB Ricardo Pacheco 0-0: Called Strike
0-1: Ball
Wild Pitch!
Anthony Hopkins scores
Yifu Chen to third
Lu-fang Koo to second
1-1: Swinging Strike
1-2: Foul Ball, location: 2F
1-2: Ball
2-2: Foul Ball, location: 2F
2-2: Fly out, F2 (Popup, 13S)
Batting: SHB Robby Day 0-0: Called Strike
0-1: Called Strike
0-2: Foul Ball, location: 2F
0-2: Foul Ball, location: 2F
0-2: Fly out, F3 (Popup, 3SF)
Batting: SHB Roberto Mosca 0-0: Called Strike
0-1: Ball
1-1: Ball
2-1: Foul Ball, location: 2F
2-2: SINGLE (Groundball, 34D)
Yifu Chen scores
Lu-fang Koo to third
Throwing error, E9
Lu-fang Koo scores
Roberto Mosca to second
Batting: RHB Dave Sienna 0-0: Swinging Strike
0-1: Ball
1-1: Fly out, F6 (Line Drive, 6)
Bottom of the 2nd over - 3 runs, 3 hits, 1 error, 1 left on base; Scranton 0 - Tortolita 5
TOP OF THE 3RD
Scranton Supernovas batting - Pitching for Tortolita Drummers : RHP Daniel Martínez
Batting: LHB Todd Blankenburg 0-0: SINGLE (Line Drive, 56)
Batting: RHB Brad Jacobson 0-0: Ball
1-0: Foul Ball, location: 2F
1-1: Grounds into double play, 6-4-3 (Groundball, 6)
Batting: LHB José Cordero 0-0: Ball
1-0: Ball
2-0: Called Strike
2-1: Ball
3-1: Called Strike
3-2: Ground out 4-3 (Groundball, 4M)
Top of the 3rd over - 0 runs, 1 hit, 0 errors, 0 left on base; Scranton 0 - Tortolita 5
BOTTOM OF THE 3RD
Tortolita Drummers batting - Pitching for Scranton Supernovas : RHP Gilberto Pontojá
Batting: RHB Vincent Klein 0-0: Ball
1-0: Called Strike
1-1: Ball
2-1: Ball
3-1: Foul Ball, location: 2F
3-2: Foul Ball, location: 2F
3-2: DOUBLE (Line Drive, 7LM)
Batting: SHB Marcos Roa 0-0: Ball
1-0: Ball
2-0: Ground out U3 (Groundball, 34S)
Vincent Klein to third
Batting: SHB Anthony Hopkins 0-0: Ball
1-0: Called Strike
1-1: Called Strike
1-2: Strikes out looking
Batting: RHB Yifu Chen 0-0: Ball
1-0: Ball
2-0: Ball
3-0: Base on Balls
Batting: RHB Lu-fang Koo 0-0: Foul Ball, location: 2F
0-1: SINGLE (Groundball, 6MD)
Vincent Klein scores
Yifu Chen to second
Batting: RHB Ricardo Pacheco 0-0: Ball
1-0: Ground out U3 (Groundball, 3)
Bottom of the 3rd over - 1 run, 2 hits, 0 errors, 2 left on base; Scranton 0 - Tortolita 6
TOP OF THE 4TH
Scranton Supernovas batting - Pitching for Tortolita Drummers : RHP Daniel Martínez
Batting: RHB Senior Pond 0-0: Foul Ball, location: 2F
0-1: Ball
1-1: Swinging Strike
1-2: Strikes out swinging
Batting: RHB Toyozo Yamasaki 0-0: Foul Ball, location: 2F
0-1: Ball
1-1: Foul Ball, location: 2F
1-2: Foul Ball, location: 2F
1-2: Strikes out swinging
Batting: LHB Chase Popoff 0-0: Called Strike
0-1: Swinging Strike
0-2: Ball
1-2: Ball
2-2: Strikes out looking
Top of the 4th over - 0 runs, 0 hits, 0 errors, 0 left on base; Scranton 0 - Tortolita 6
BOTTOM OF THE 4TH
Tortolita Drummers batting - Pitching for Scranton Supernovas : RHP Gilberto Pontojá
Batting: SHB Robby Day 0-0: Ball
1-0: Called Strike
1-1: Swinging Strike
1-2: Strikes out swinging
Batting: SHB Roberto Mosca 0-0: Ball
1-0: Swinging Strike
1-1: Ball
2-1: Ball
3-1: Called Strike
3-2: Ground out 1-3 (Groundball, P)
Batting: RHB Dave Sienna 0-0: Called Strike
0-1: Ground out 6-3 (Groundball, 6M)
Bottom of the 4th over - 0 runs, 0 hits, 0 errors, 0 left on base; Scranton 0 - Tortolita 6
TOP OF THE 5TH
Scranton Supernovas batting - Pitching for Tortolita Drummers : RHP Daniel Martínez
Batting: RHB Felipe Bruno 0-0: Called Strike
0-1: Swinging Strike
0-2: Strikes out swinging, 2-3 out at first.
Batting: RHB José Rodríguez 0-0: Ground out 5-3 (Groundball, 56)
Batting: RHB José Bravo 0-0: Called Strike
0-1: Ball
1-1: Swinging Strike
1-2: SINGLE (Popup, 4MD)
Batting: LHB Todd Blankenburg 0-0: Ball
1-0: Ball
2-0: Swinging Strike
2-1: Foul Ball, location: 2F
2-2: Foul Ball, location: 2F
2-2: Ball
3-2: Strikes out swinging
Top of the 5th over - 0 runs, 1 hit, 0 errors, 1 left on base; Scranton 0 - Tortolita 6
BOTTOM OF THE 5TH
Tortolita Drummers batting - Pitching for Scranton Supernovas : RHP Gilberto Pontojá
Batting: RHB Vincent Klein 0-0: Ball
1-0: Called Strike
1-1: Ball
2-1: Ball
3-1: Foul Ball, location: 2F
3-2: Strikes out swinging
Batting: SHB Marcos Roa 0-0: Ball
1-0: Called Strike
1-1: Foul Ball, location: 2F
1-2: Ball
2-2: Ball
3-2: Fly out, F9 (Flyball, 9LM)
Batting: SHB Anthony Hopkins 0-0: Fly out, F9 (Flyball, 9)
Bottom of the 5th over - 0 runs, 0 hits, 0 errors, 0 left on base; Scranton 0 - Tortolita 6
TOP OF THE 6TH
Scranton Supernovas batting - Pitching for Tortolita Drummers : RHP Daniel Martínez
Batting: RHB Brad Jacobson 0-0: Called Strike
0-1: Foul Ball, location: 2F
0-2: Ball
1-2: Strikes out swinging
Batting: LHB José Cordero 0-0: Ground out 5-3 (Groundball, 56)
Batting: RHB Senior Pond 0-0: Ball
1-0: Ball
2-0: Called Strike
2-1: Fly out, F6 (Popup, 6)
Top of the 6th over - 0 runs, 0 hits, 0 errors, 0 left on base; Scranton 0 - Tortolita 6
BOTTOM OF THE 6TH
Tortolita Drummers batting - Pitching for Scranton Supernovas : RHP Gilberto Pontojá
Batting: RHB Yifu Chen 0-0: Ball
1-0: Ball
2-0: Foul Ball, location: 2F
2-1: Foul Ball, location: 2F
2-2: Foul Ball, location: 2F
2-2: Ground out 6-3 (Groundball, 6)
Batting: RHB Lu-fang Koo 0-0: DOUBLE (Line Drive, 9LS)
Pitching: RHP Pedro Rodríguez
Batting: RHB Ricardo Pacheco 0-0: Ball
Lu-fang Koo is caught stealing 3rd base
1-0: Ball
2-0: Ball
3-0: Base on Balls
Batting: SHB Robby Day 0-0: Called Strike
0-1: Ball
1-1: Ball
2-1: Swinging Strike
2-2: Foul Ball, location: 2F
2-2: Ball
3-2: Foul Ball, location: 2F
3-2: Base on Balls
Ricardo Pacheco to second
Batting: SHB Roberto Mosca 0-0: Called Strike
0-1: Ball
1-1: Ball
2-1: Ball
3-1: Base on Balls
Ricardo Pacheco to third
Robby Day to second
Batting: RHB Dave Sienna 0-0: Fly out, F8 (Flyball, 8LXD)
Bottom of the 6th over - 0 runs, 1 hit, 0 errors, 3 left on base; Scranton 0 - Tortolita 6
TOP OF THE 7TH
Scranton Supernovas batting - Pitching for Tortolita Drummers : RHP Daniel Martínez
Batting: RHB Toyozo Yamasaki 0-0: Foul Ball, location: 2F
0-1: Ball
1-1: Foul Ball, location: 2F
1-2: Foul Ball, location: 2F
1-2: Foul Ball, location: 2F
1-2: Ball
2-2: Ball
3-2: Base on Balls
Batting: LHB Chase Popoff 0-0: Called Strike
0-1: Grounds into double play, 4-6-3 (Groundball, 4)
Batting: RHB Felipe Bruno 0-0: Ball
1-0: Ball
2-0: Ball
3-0: Called Strike
3-1: Foul Ball, location: 2F
3-2: Fly out, F6 (Popup, P)
Top of the 7th over - 0 runs, 0 hits, 0 errors, 0 left on base; Scranton 0 - Tortolita 6
BOTTOM OF THE 7TH
Tortolita Drummers batting - Pitching for Scranton Supernovas : RHP Pedro Rodríguez
Batting: RHB Vincent Klein 0-0: Ball
1-0: Foul Ball, location: 2F
1-1: Fly out, F9 (Line Drive, 9D)
Batting: SHB Marcos Roa 0-0: Swinging Strike
0-1: SINGLE (Line Drive, 8LM)
Batting: SHB Anthony Hopkins 0-0: Ball
1-0: Called Strike
1-1: Foul Ball, location: 2F
1-2: Foul Ball, location: 2F
1-2: Ball
2-2: Ball
3-2: Base on Balls
Marcos Roa to second
Batting: RHB Yifu Chen 0-0: Called Strike
0-1: Foul Ball, location: 2F
0-2: Grounds out, U3 (Groundball, 3L)
Marcos Roa to third
Batting: RHB Lu-fang Koo 0-0: Foul Ball, location: 2F
0-1: Ball
1-1: Fly out, F7 (Flyball, 78M)
Bottom of the 7th over - 0 runs, 1 hit, 0 errors, 2 left on base; Scranton 0 - Tortolita 6
TOP OF THE 8TH
Scranton Supernovas batting - Pitching for Tortolita Drummers : RHP Daniel Martínez
Batting: RHB José Rodríguez 0-0: DOUBLE (Flyball, 89D) - OUT at third base trying to stretch hit.
Batting: RHB José Bravo 0-0: SINGLE (Groundball, 34D)
Batting: LHB Todd Blankenburg 0-0: Called Strike
0-1: Ball
1-1: Foul Ball, location: 2F
1-2: Strikes out swinging
Batting: RHB Brad Jacobson 0-0: Called Strike
0-1: Foul Ball, location: 2F
0-2: Fly out, F4 (Popup, 4M)
Top of the 8th over - 0 runs, 2 hits, 0 errors, 1 left on base; Scranton 0 - Tortolita 6
BOTTOM OF THE 8TH
Tortolita Drummers batting - Pitching for Scranton Supernovas : RHP Pedro Rodríguez
Batting: RHB Ricardo Pacheco 0-0: Fly out, F8 (Flyball, 78D)
Batting: SHB Robby Day 0-0: Ball
1-0: Called Strike
1-1: Fly out, F3 (Popup, 3DF)
Batting: SHB Roberto Mosca 0-0: Ball
1-0: Called Strike
1-1: Fly out, F9 (Flyball, 9LMF)
Bottom of the 8th over - 0 runs, 0 hits, 0 errors, 0 left on base; Scranton 0 - Tortolita 6
TOP OF THE 9TH
Scranton Supernovas batting - Pitching for Tortolita Drummers : RHP Daniel Martínez
Now at C: Eisse Cals
Now at 3B: Santo Alba
Batting: LHB José Cordero 0-0: Ball
1-0: Ground out 1-3 (Groundball, 13)
Batting: RHB Senior Pond 0-0: Foul Ball, location: 2F
0-1: Foul Ball, location: 2F
0-2: Strikes out swinging
Batting: RHB Toyozo Yamasaki 0-0: Fly out, F7 (Flyball, 7S)
Top of the 9th over - 0 runs, 0 hits, 0 errors, 0 left on base; Scranton 0 - Tortolita 6
Wednesday, September 19th, 2018 - OOTP Baseball 18.8 Build 76